[Event "34th Voivoda Cup 2018"]
[Site "Legnica"]
[Date "2018.11.24"]
[Round "4"]
[White "Kriebel, Tadeas"]
[Black "Lewtak, Damian"]
[Result "1-0"]
[ECO "B34"]
[WhiteElo "2515"]
[BlackElo "2411"]
[Annotator "ChessBase"]
[PlyCount "65"]
[EventDate "2018.11.22"]
[EventType "tourn"]
[EventCountry "POL"]
[SourceTitle "playchess.com"]
[Source "ChessBase"]
[SourceQuality "1"]
[TimeControl "40/5400+30:900+30"]

1. e4 c5 2. Nf3 Nc6 3. d4 cxd4 4. Nxd4 Nf6 5. Nc3 e5 6. Ndb5 d6 7. Nd5 Nxd5 8. exd5 Nb8 9. a4 Be7 10. Be2 O-O 11. O-O Nd7 12. Bd2 f5 13. a5 a6 14. Na3 Bg5 15. Nc4 Bxd2 16. Qxd2 Rf6 17. f4 Rh6 18. Ra3 Rb8 19. b4 Kh8 20. Re3 e4 21. Qd4 b5 22. axb6 Qf6 23. Qxf6 Rxf6 24. Rc3 Bb7 25. Rd1 Kg8 26. Na5 Nxb6 27. Nxb7 Rxb7 28. Bxa6 Ra7 29. Bb5 Kf8 30. Rc6 Rb7 31. c4 Nd7 32. Ra1 Ke7 33. Rca6 1-0

[Event "34th Voivoda Cup 2018"]
[Site "Legnica"]
[Date "2018.11.25"]
[Round "5"]
[White "Gleizerov, Evgeny"]
[Black "Sieciechowicz, Marcin"]
[Result "1-0"]
[ECO "D80"]
[WhiteElo "2505"]
[BlackElo "2432"]
[Annotator "ChessBase"]
[PlyCount "93"]
[EventDate "2018.11.22"]
[EventType "tourn"]
[EventCountry "POL"]
[SourceTitle "playchess.com"]
[Source "ChessBase"]
[SourceQuality "1"]
[TimeControl "40/5400+30:900+30"]

1. d4 Nf6 2. c4 g6 3. Nc3 d5 4. e3 Bg7 5. cxd5 Nxd5 6. Nxd5 Qxd5 7. Ne2 O-O 8. Nc3 Qd8 9. Be2 e5 10. d5 c6 11. e4 cxd5 12. exd5 b6 13. O-O Ba6 14. Be3 Bxe2 15. Qxe2 Nd7 16. a4 Nf6 17. Rfd1 Qd7 18. a5 bxa5 19. Rxa5 Rfb8 20. d6 Re8 21. Nb5 Red8 22. Nc7 Rab8 23. Rxa7 Qc6 24. Ra6 Qe4 25. h3 Rd7 26. Qd2 Bf8 27. Bc5 Qc4 28. Rc1 Qb3 29. Ba3 Ne4 30. Qd5 Qxd5 31. Nxd5 Bxd6 32. Nf6+ Nxf6 33. Bxd6 Re8 34. b4 Ne4 35. Bc7 Rc8 36. Rac6 Nd2 37. Bxe5 Rxc6 38. Rxc6 f6 39. Bxf6 Ne4 40. f3 Rd1+ 41. Kh2 Nd2 42. Kg3 Kf7 43. Bc3 Nb3 44. Rc7+ Ke6 45. Rxh7 Rd3 46. Bh8 Nd2 47. Rg7 1-0

[Event "34th Voivoda Cup 2018"]
[Site "Legnica"]
[Date "2018.11.25"]
[Round "5"]
[White "Wieczorek, Oskar"]
[Black "Nasuta, Grzegorz"]
[Result "1/2-1/2"]
[ECO "D17"]
[WhiteElo "2468"]
[BlackElo "2520"]
[Annotator "RC"]
[PlyCount "149"]
[EventDate "2018.11.22"]
[EventType "tourn"]
[EventCountry "POL"]
[SourceTitle "playchess.com"]
[Source "ChessBase"]
[SourceQuality "1"]
[TimeControl "40/5400+30:900+30"]

1. d4 d5 2. c4 c6 3. Nf3 Nf6 4. Nc3 dxc4 5. a4 Bf5 6. Ne5 Nbd7 7. Nxc4 Nb6 8. Ne5 a5 9. f3 Nfd7 10. e4 Nxe5 11. dxe5 Qxd1+ 12. Nxd1 Be6 13. Be3 Nc4 14. f4 O-O-O 15. Bxc4 Bxc4 16. Bb6 Rd7 17. Ne3 Bd3 18. e6 fxe6 19. Bxa5 g5 20. fxg5 Bg7 21. O-O-O Rf8 22. Bc3 Bxc3 23. bxc3 Rf4 24. h4 Rxe4 25. Rh3 Rxa4 26. Kb2 Bf5 27. Rxd7 Kxd7 28. Rh2 Re4 29. Nxf5 exf5 30. h5 Ra4 31. g3 Ra8 32. Rf2 e6 33. g4 fxg4 34. Rf4 Rg8 35. Rxg4 e5 36. g6 hxg6 37. hxg6 Ke6 38. Kc2 Kf5 39. Rb4 b5 40. c4 bxc4 41. Rxc4 Rxg6 42. Kd3 Rh6 43. Ke3 Rd6 44. Rc1 Ke6 45. Rc5 Kf5 46. Kf3 Re6 47. Ke3 Rg6 48. Rc1 Rh6 49. Rc5 Rf6 50. Rc1 Rd6 51. Rc4 Kf6 52. Rc1 Ke7 53. Ke4 Re6 54. Rd1 Ke8 55. Rd2 Ke7 56. Rd1 Rd6 57. Rc1 Kd7 58. Kxe5 Kc7 59. Ke4 Kb6 60. Rb1+ Kc5 61. Rc1+ Kb4 62. Rb1+ Kc3 63. Rc1+ Kb2 64. Rc5 Kb3 65. Rc1 Kb4 66. Rb1+ Kc5 67. Rc1+ Kb6 68. Rb1+ Kc7 69. Rb3 Rh6 70. Kd4 Kd6 71. Rg3 Rh4+ 72. Kc3 Kc5 73. Rg5+ Kb6 74. Rf5 c5 75. Rf8 1/2-1/2

[Event "34th Voivoda Cup 2018"]
[Site "Legnica"]
[Date "2018.11.25"]
[Round "5"]
[White "Lewtak, Damian"]
[Black "Simacek, Pavel"]
[Result "1/2-1/2"]
[ECO "A45"]
[WhiteElo "2411"]
[BlackElo "2503"]
[Annotator "ChessBase"]
[PlyCount "80"]
[EventDate "2018.11.22"]
[EventType "tourn"]
[EventCountry "POL"]
[SourceTitle "playchess.com"]
[Source "ChessBase"]
[SourceQuality "1"]
[TimeControl "40/5400+30:900+30"]

1. d4 Nf6 2. c3 g6 3. Bf4 Bg7 4. h3 O-O 5. Bh2 b6 6. Nd2 Bb7 7. Ngf3 d6 8. Qc2 Nbd7 9. e4 e5 10. Bd3 Nh5 11. O-O Nf4 12. Bxf4 exf4 13. Rfe1 Re8 14. Rad1 h5 15. Bc4 Nf8 16. Nf1 Qe7 17. Qd2 Bh6 18. Bd5 Bxd5 19. exd5 Qd7 20. Qc2 g5 21. Rxe8 Rxe8 22. Re1 Rxe1 23. Nxe1 Qb5 24. c4 Qa5 25. Qd1 Qxa2 26. Qxh5 Bg7 27. Qxg5 Qxc4 28. Nf3 a5 29. h4 Nh7 30. Qd8+ Nf8 31. Qg5 Nh7 32. Qxf4 Nf6 33. Ne3 Nxd5 34. Qe4 Nxe3 35. fxe3 Kf8 36. Ng5 Bh6 37. Qf5 a4 38. Kh2 b5 39. Qf6 Bxg5 40. Qxg5 b4 1/2-1/2

[Event "34th Voivoda Cup 2018"]
[Site "Legnica"]
[Date "2018.11.25"]
[Round "5"]
[White "Murdzia, Piotr"]
[Black "Hirneise, Tobias"]
[Result "1/2-1/2"]
[ECO "E16"]
[WhiteElo "2411"]
[BlackElo "2472"]
[Annotator "ChessBase"]
[PlyCount "126"]
[EventDate "2018.11.22"]
[EventType "tourn"]
[EventCountry "POL"]
[SourceTitle "playchess.com"]
[Source "ChessBase"]
[SourceQuality "1"]
[TimeControl "40/5400+30:900+30"]

1. d4 Nf6 2. c4 e6 3. Nf3 b6 4. g3 Bb7 5. Bg2 Bb4+ 6. Bd2 a5 7. O-O O-O 8. Nc3 Ne4 9. Rc1 Bxc3 10. Bxc3 Nxc3 11. Rxc3 Be4 12. Qd2 Qc8 13. Re3 d5 14. Rc1 Nd7 15. Bh3 h6 16. Rec3 c5 17. cxd5 Bxd5 18. dxc5 bxc5 19. Ne1 Qb7 20. Nd3 Rfd8 21. Nxc5 Nxc5 22. Rxc5 Bxa2 23. Qc3 Qb3 24. Qxb3 Bxb3 25. Bg2 Ra6 26. Be4 a4 27. Bd3 Rad6 28. Rc8 g5 29. f4 Kg7 30. Rxd8 Rxd8 31. Kf2 gxf4 32. gxf4 Rd4 33. Ke3 Rb4 34. Rc5 Rb8 35. Ra5 Rc8 36. Kd2 f5 37. Rb5 Kf6 38. e4 fxe4 39. Bxe4 Rd8+ 40. Ke3 Rd1 41. Rh5 Kg7 42. Rh3 Re1+ 43. Kd4 Re2 44. Rc3 Kf6 45. Rh3 Rxb2 46. Rxh6+ Ke7 47. Rh7+ Kd6 48. Ra7 Rxh2 49. Ra6+ Kc7 50. Kc5 Rd2 51. Ra7+ Kd8 52. Bc6 Rc2+ 53. Kd6 Rd2+ 54. Kc5 Bd1 55. Bxa4 Rd5+ 56. Kc4 Bxa4 57. Rxa4 Ke7 58. Kc3 Kf6 59. Rd4 Ra5 60. Kd3 Kf5 61. Rb4 Ra3+ 62. Ke2 Ra2+ 63. Ke3 Ra3+ 1/2-1/2